 Dungeon Crawl Stone Soup version 0.31-a0-995-g04711c9635 (webtiles) character file.

Game seed: 5738873657656795653

1471 Maratek the Poker (level 8, -1/61 HPs)
             Began as a Demonspawn Fighter on Nov 6, 2023.
             Slain by an orc
             ... wielding a +0 trident
              (3 damage)
             ... on level 6 of the Dungeon.
             The game lasted 00:05:26 (4422 turns).

Maratek the Poker (Demonspawn Fighter)              Turns: 4422, Time: 00:05:27

Health: -1/61      AC: 12    Str: 19    XL:     8   Next: 49%
Magic:  8/8        EV: 10    Int:  9    God:
Gold:   287        SH:  5    Dex: 13    Spells: 7/7 levels left

rFire   . . .        a - +1 trident
rCold   . . .        c - +0 buckler
rNeg    . . .        b - +0 scale mail
rPois   .            (no helmet)
rElec   .            (no cloak)
rCorr   .            (no gloves)
SInv    .            f - +2 pair of boots
Will    +....        (no amulet) Stlth
                     s - ring of willpower
HPRegen 0.30/turn    (no ring)
MPRegen 0.11/turn

%: no passive effects
@: no status effects
A: thin metallic scales 1, demonic magic 2, weakness stinger 2
a: no special abilities


You were on level 6 of the Dungeon.
You visited 1 branch of the dungeon, and saw 6 of its levels.

You collected 287 gold pieces.

Inventory:

Hand Weapons
 a - a +1 trident (weapon)
Armour
 b - a +0 scale mail (worn)
 c - a +0 buckler (worn)
 f - a +2 pair of boots (worn)
 i - the +0 pair of boots "Giarghiosk" {Stlth+}
   (You found it on level 4 of the Dungeon)

   Stlth+:    It makes you more stealthy.
Jewellery
 s - a ring of willpower (left hand)
Scrolls
 l - 3 scrolls of amnesia
 r - 2 scrolls of vulnerability
Potions
 d - 3 potions of might
 e - a potion of lignification
 g - 2 potions of curing
 h - a potion of invisibility {unknown}
 j - a potion of ambrosia {unknown}
 k - 2 potions of heal wounds {unknown}
 m - a potion of attraction {unknown}
 n - 2 potions of cancellation {unknown}
 o - a potion of berserk rage {unknown}
 p - 2 potions of brilliance {unknown}
 q - a potion of mutation {unknown}


   Skills:
 + Level 4.8 Fighting
 + Level 6.4 Polearms
 + Level 5.3 Armour
 + Level 2.3 Dodging
 + Level 1.0 Stealth
 + Level 4.4 Shields


You had 7 spell levels left.
You didn't know any spells.
Your spell library contained the following spells:

 Spells                   Type           Power      Damage    Failure   Level
 Cigotuvi's Dreadful Rot  Necr/Pois/Air  0%         N/A       91%         2
 Ensorcelled Hibernation  Hex/Ice        0%         N/A       91%         2
 Jinxbite                 Hex            0%         N/A       91%         2
 Ignite Poison            Fire/Tmut/Pois 0%         N/A       99%         3
 Anguish                  Hex/Necr       0%         N/A       100%        4
 Freezing Cloud           Conj/Ice/Air   0%         6-21      100%        5


Dungeon Overview and Level Annotations

Branches:
Dungeon (6/15)
 Temple: D:4-7

Altars:
Ru

Shops:
D:1 :   D:4 [


Innate Abilities, Weirdness & Mutations

You are partially covered in thin metallic scales. (AC +2)
Spells you cast may paralyse nearby enemies.
You have a tail ending in a sharp stinger.


Message History

* * * LOW HITPOINT WARNING * * *
The orc priest closely misses you.
The orc wizard hits you but does no damage.
You closely miss the orc wizard.
The orc wizard is severely wounded.
The orc completely misses you. The orc hits you but does no damage.
The orc priest closely misses you.
The orc wizard hits you but does no damage.
You puncture the orc wizard!
You kill the orc wizard!
The orc closely misses you. The orc hits you with a +0 trident.
* * * LOW HITPOINT WARNING * * *
The orc priest hits you with a +0 dagger.
* * * LOW HITPOINT WARNING * * *
Your Stealth skill increases to level 1!
You barely miss the orc priest.
Your tail-slap misses the orc priest.
The orc closely misses you. The orc hits you with a +0 whip.
* * * LOW HITPOINT WARNING * * *
The orc priest hits you but does no damage.
You closely miss the orc priest. You tail-slap the orc priest.
The orc priest is moderately wounded.
The orc barely misses you. The orc closely misses you.
The orc priest misses you.
You closely miss the orc priest.
The orc priest is moderately wounded.
The orc hits you but does no damage.
The orc priest hits you with a +0 dagger.
* * * LOW HITPOINT WARNING * * *
The orc hits you but does no damage.
You closely miss the orc priest.
The orc priest is moderately wounded.
You block the orc's attack. x2
The orc priest hits you with a +0 dagger.
* * * LOW HITPOINT WARNING * * *
You hit the orc priest.
The orc priest is heavily wounded.
The orc hits you with a +0 whip.
* * * LOW HITPOINT WARNING * * *
The orc hits you with a +0 trident.
You die...

....####..##
..##.............†##
##.#...>............##
....................###
#......<..............
#.................###
#....................
#.<.oo.....#....#####
#...@o....##.#### #
##.).)....##.# #
##...##.....# ####
##.........# #...
###...##...### #.##
#..........# ###.#
#..........## ##...#
#...........####..###
#.........#......##


You could see an orc priest and 2 orcs.

Vanquished Creatures
  A water moccasin (D:5)
  A black bear (D:4)
  3 ice beasts
  A centaur (D:5)
  A kobold brigand (D:5)
  A phantom (D:5)
  4 scorpions
  3 hounds
  2 orc priests
  4 iguanas
  4 orc wizards
  4 gnolls
  7 adders
  A white imp (D:5)
  4 ufetubi
  3 worms
  2 dart slugs
  6 orcs
  8 ball pythons
  4 endoplasms
  4 giant cockroaches
  3 goblins (D:1)
  2 hobgoblins
  13 kobolds
  3 quokkas
  9 bats
  2 frilled lizards (D:2)
  4 rats
104 creatures vanquished.

Notes
Turn   | Place    | Note
-------+----------+-------------------------------------------
     0 | D:1      | Maratek the Demonspawn Fighter began the quest for the Orb.
     0 | D:1      | Reached XP level 1. HP: 18/18 MP: 1/1
     0 | D:1      | Noticed an elf
     6 | D:1      | Noticed a formicid
     7 | D:1      | Noticed a minotaur skeleton
     9 | D:1      | Noticed a ghoul
    11 | D:1      | Noticed a vampire
    11 | D:1      | Noticed a naga
    13 | D:1      | Noticed an ogre
    17 | D:1      | Noticed a naga
    21 | D:1      | Noticed an elf
    23 | D:1      | Noticed a human
   272 | D:1      | Gained mutation: You are partially covered in thin metallic
                  | scales. (AC +2) [demonic ancestry]
   272 | D:1      | Reached XP level 2. HP: 24/24 MP: 2/2
   519 | D:1      | Reached skill level 2 in Polearms
   528 | D:1      | Found Iffasig's Book Boutique.
   897 | D:2      | Reached XP level 3. HP: 25/29 MP: 3/3
  1691 | D:3      | Gained mutation: You have a small tail. [demonic ancestry]
  1691 | D:3      | Reached XP level 4. HP: 35/35 MP: 4/4
  1719 | D:3      | Reached skill level 3 in Polearms
  1721 | D:3      | HP: 1/35 [gnoll/+0 flail (11)]
  2077 | D:3      | Found a sacrificial altar of Ru.
  2411 | D:4      | Gained mutation: Spells you cast may paralyse adjacent
                  | enemies. [demonic ancestry]
  2411 | D:4      | Reached XP level 5. HP: 41/41 MP: 5/5
  2415 | D:4      | Identified the +0 pair of boots "Giarghiosk" {Stlth+}
  2610 | D:4      | Gained mutation: You have a tail ending in a sharp stinger.
                  | [demonic ancestry]
  2610 | D:4      | Reached XP level 6. HP: 42/47 MP: 6/6
  2671 | D:4      | Reached skill level 4 in Polearms
  2812 | D:4      | Found Urecae's Armour Shoppe.
  3065 | D:5      | Entered Level 5 of the Dungeon
  3082 | D:5      | Noticed a water moccasin
  3094 | D:5      | Killed a water moccasin
  3095 | D:5      | Reached skill level 1 in Dodging
  3199 | D:5      | Gained mutation: Spells you cast may paralyse nearby
                  | enemies. [demonic ancestry]
  3199 | D:5      | Reached XP level 7. HP: 45/54 MP: 7/7
  3255 | D:5      | Reached skill level 5 in Polearms
  3606 | D:5      | Reached XP level 8. HP: 45/61 MP: 8/8
  3866 | D:5      | Reached skill level 5 in Armour
  4150 | D:6      | Reached skill level 6 in Polearms
  4418 | D:6      | Reached skill level 1 in Stealth
  4421 | D:6      | HP: 3/61 [orc priest/+0 dagger (2)]
  4422 | D:6      | Slain by an orc

Illustrated notes

Levels and vault maps discovered:
D:1:      shiori_arrival_whats_in_store_for_you, layout_loops_corners,
          serial_shops, nicolae_shop_advertising_works
          [nicolae_subvault_shop_adworks]
D:2:      layout_basic, mrwooster_statue_mirror, chequers_serial_rivers_micro_c,
          minmay_tromino_mix6
D:3:      layout_rooms, mainiacjoe_overflow_alcove_4, nicolae_wormholes
D:4:      layout_rooms, serial_shops, shop
D:5:      layout_basic, kennysheep_small_spiral, guppyfry_early_lair_pool
D:6:      layout_rooms, nicolae_shop_i_like_big_books, nicolae_shop_fire_sale
          [nicolae_sub_dead_trees]

Skill      XL: |  1  2  3  4  5  6  7  8 |
---------------+-------------------------+-----
Shields        | 3 4 |  4.4
Polearms       | 2 3 4 5 6 |  6.4
Armour         | 3 4 5 |  5.3
Fighting       | 4 |  4.8
Dodging        | 1 2 |  2.3
Stealth        | 1 |  1.0

Action                     |  1- 3 |  4- 6 |  7- 9 || total
---------------------------+-------+-------+-------++-------
  Melee: Trident           |   141 |   142 |   192 ||   475
         Tailslap          |       |    18 |    22 ||    40
    Use: Scroll            |     6 |     3 |     1 ||    10
 Armour: Scale mail        |    95 |   127 |   127 ||   349
  Dodge: Dodged            |    50 |    55 |    87 ||   192
  Block: Buckler           |    36 |    31 |    46 ||   113

Table legend: (Time is in decaauts)
 A = Elapsed time spent in this place.
 B = Non-inter-level travel time spent in this place.
 C = Inter-level travel time spent in this place.
 D = Time resting spent in this place.
 E = Time spent auto-exploring this place.
 F = Levels seen in this place.
 G = Mean time per level.
                   A        B        C        D        E       F      G
               +--------+--------+--------+--------+--------+-----+--------+
         Total |   4486 |   4333 |    153 |    333 |   3170 |   6 |  747.7 |
       Dungeon |   4486 |   4333 |    153 |    333 |   3170 |   6 |  747.7 |
               +--------+--------+--------+--------+--------+-----+--------+

Top non-repeatable levels by time:
     D:5: 996 daAuts
     D:1: 831 daAuts
     D:3: 824 daAuts
     D:2: 766 daAuts
     D:4: 693 daAuts
     D:6: 373 daAuts
